 Adventure DCSS version bcrawl-1.27.3 (webtiles) character file.

Game seed: 17242703846651163851

84748 galech the Skirmisher (level 3, 29/29 HPs)
             Began as a Demonspawn Fighter on Sept 18, 2020.
             Quit the game on level 3 of the Dungeon.
             The game lasted 00:02:33 (2041 turns).

galech the Skirmisher (Demonspawn Fighter)          Turns: 2041, Time: 00:02:33

Health: 29/29      AC:  8    Str: 17    XL:     3   Next: 32%
Magic:  3/3        EV:  5    Int: 10    God:
Gold:   225        SH:  9    Dex: 12    Spells: 2/2 levels left
                                        Lives:  1   Deaths: 1

rFire    . . .     SeeInvis .   a - +0 war axe
rCold    . . .     Gourm    .   c - +0 medium shield
rNeg     . . .     Faith    .   b - +0 scale mail
rPois    .         Spirit   .   (helmet restricted)
rElec    .         Reflect  .   (no cloak)
rCorr    .         Harm     .   (no gloves)
MR       .....                  (no boots)
Stlth    ..........             (no amulet)
HPRegen  0.09/turn              (no ring)
MPRegen  0.08/turn              (no ring)

@: no status effects
A: horns 1, yellow scales 1, powered by pain 1
a: no special abilities


You were on level 3 of the Dungeon.
You were not hungry.

You visited 1 branch of the dungeon, and saw 3 of its levels.

You collected 225 gold pieces.

Inventory:

Hand Weapons
 a - a +0 war axe (weapon)
Armour
 b - a +0 scale mail (worn)
 c - a +0 medium shield (worn)
Scrolls
 j - a scroll of remove curse {unknown}
 l - a scroll of enchant weapon {unknown}
 p - a scroll of teleportation {unknown}
 q - a scroll of fear {unknown}
Potions
 f - a potion of curing {unknown}
 g - a potion of magic {unknown}
 h - a potion of ambrosia {unknown}
 i - 2 potions of heal wounds {unknown}
 k - a potion of haste
 m - a potion of brilliance {unknown}
 n - a potion of lignification {unknown}
Comestibles
 e - 6 rations {!d}


   Skills:
 + Level 3.3 Fighting
 + Level 2.8 Axes
 + Level 3.3 Armour
 + Level 0.5 Dodging
 + Level 3.1 Shields


You had 2 spell levels left.
You didn't know any spells.
Your spell library was empty.

Dungeon Overview and Level Annotations

Branches:
Dungeon (3/12)

Altars:

Annotations:
D:3 Ijyb, Sigmund


Innate Abilities, Weirdness & Mutations

You have a pair of small horns on your head.
You are partially covered in yellow scales. (AC +2)
You sometimes gain a little power by taking damage.


Message History

You headbutt the goblin.
You kill the goblin!
You hit Ijyb but do no damage. You hit the orc priest. You slash the orc!
You kill the orc!
You block the orc priest's attack.
Ijyb screams, "It's all mine!"
Ijyb barely misses you. You block Ijyb's attack.
The orc priest closely misses you. Something hits you.
* * * LOW HITPOINT WARNING * * *
Your shield prevents you from hitting the orc priest.
The orc priest is heavily wounded.
You hit Ijyb. Ijyb hits you but does no damage.
The orc priest hits you but does no damage.
Something hits you!
You die...
Xom reaches out...
You are now level 3!
You rejoin the land of the living...
A kobold comes into view.
Are you sure you want to abandon this character and quit the game? (Confirm with "yes".)

#. ## ##...
###.###.....
.K........#
#......#
#@..#
.......####
.###### ####


You could see a kobold (sleeping).

Vanquished Creatures
  A worm (D:2)
  3 dart slugs
  3 leopard geckos
  4 orcs (D:3)
  5 bats (D:1)
  A giant cockroach (D:2)
  9 goblins
  10 hobgoblins
  8 jackals
  6 kobolds
  2 quokkas (D:2)
  8 frilled lizards
  7 rats
67 creatures vanquished.

Notes
Turn   | Place    | Note
-------+----------+-------------------------------------------
     0 | D:1      | galech the Demonspawn Fighter began the quest for the Orb.
     0 | D:1      | Reached XP level 1. HP: 18/18 MP: 1/1
   188 | D:1      | Gained mutation: You sometimes gain a little power by
                  | taking damage. [demonic ancestry]
   188 | D:1      | Reached XP level 2. HP: 15/24 MP: 2/2
   736 | D:1      | Gained mutation: You have a pair of small horns on your
                  | head. [demonic ancestry]
   736 | D:1      | Reached XP level 3. HP: 29/29 MP: 3/3
  1730 | D:2      | Gained mutation: You are partially covered in yellow
                  | scales. (AC +2) [demonic ancestry]
  1730 | D:2      | Reached XP level 4. HP: 22/35 MP: 4/4
  2027 | D:3      | Noticed Ijyb
  2030 | D:3      | Noticed Sigmund
  2040 | D:3      | Slain by Sigmund
  2041 | D:3      | Reached XP level 3. HP: -4/29 MP: 3/3
  2041 | D:3      | Quit the game

Skill      XL: |  1  2 |
---------------+-------+-----
Axes           | 2 |  2.8
Shields        | 3 |  3.1
Armour         | 3 |  3.3
Fighting       | |  3.3
Dodging        | |  0.5

Action                   |  1- 3 |  4- 6 || total
-------------------------+-------+-------++-------
Melee: War axe           |   144 |    38 ||   182
       Headbutt          |    12 |     2 ||    14
  Use: Potion            |       |     1 ||     1
  Eat: Chunk             |     8 |     2 ||    10
Armor: Scale mail        |    79 |    32 ||   111
Dodge: Dodged            |    33 |     7 ||    40
Block: Medium shield     |    63 |    27 ||    90
